 Dungeon Crawl Stone Soup version 0.22-a0-877-g5c4e1af (webtiles) character file.

71 Amnesiac the Digger (level 4, -4/30 HPs)
             Began as a Mummy Earth Elementalist on July 29, 2018.
             Killed by divine providence
             ... invoked by an orc priest
              (12 damage)
             ... on level 3 of the Dungeon.
             The game lasted 00:04:51 (1790 turns).

Amnesiac the Digger (Mummy Earth Elementalist)      Turns: 1790, Time: 00:04:52

Health: -4/30      AC:  2    Str: 11    XL:     4   Next: 5%
Magic:  5/9        EV: 12    Int: 15    God:
Gold:   70         SH:  0    Dex: 12    Spells: 0/10 levels left

rFire    x . .     SeeInvis .   d - -1 short sword (curse)
rCold    + . .     Gourm    .   (no shield)
rNeg     + + +     Faith    .   c - +0 robe
rPois    ∞         Spirit   .   (no helmet)
rElec    .         Reflect  .   (no cloak)
rCorr    .         Harm     .   (no gloves)
MR       .....                  (no boots)
Stlth    ++........             (no amulet)
HPRegen  0.10/turn              (no ring)
MPRegen  0.11/turn              (no ring)

@: no status effects
A: no food or potions, fire vulnerability, cold resistance 1, negative energy
resistance 3, torment resistance, unbreathing
a: no special abilities


You were on level 3 of the Dungeon.
You were not hungry.

You visited 1 branch of the dungeon, and saw 5 of its levels.

You collected 70 gold pieces.

Inventory:

Hand Weapons
 d - a cursed -1 short sword (weapon)
 g - a +0 spear
Missiles
 a - 13 sling bullets
 b - 20 stones (quivered)
Armour
 c - a +0 robe (worn)


   Skills:
 - Level 1.5 Dodging
 - Level 1.5 Stealth
 + Level 3.6 Spellcasting
 - Level 0.7 Transmutations
 * Level 3.7 Earth Magic


You couldn't memorise any spells.
You knew the following spells:

 Your Spells              Type           Power        Failure   Level  Hunger
a - Sandblast             Erth           ##....       4%          1    N/A
b - Passwall              Tmut/Erth      #.......     12%         2    N/A
c - Stone Arrow           Conj/Erth      #.....       26%         3    N/A
e - Petrify               Tmut/Erth      #.......     58%         4    N/A

Your spell library contained the following spells:

 Spells                   Type           Power        Failure   Level  Hunger
 Lee's Rapid Deconstruct  Erth           ##........   75%         5    N/A

Dungeon Overview and Level Annotations

Branches:
Dungeon (5/15)
 Temple: D:4-7

Altars:

Annotations:
D:3 Edmund
D:4 exclusion: scorpion, Natasha
D:5 exclusion: worker ant


Innate Abilities, Weirdness & Mutations

You do not eat or drink.
Your flesh is vulnerable to fire.
You are immune to poison.
Your flesh is cold resistant. (rC+)
You are immune to negative energy. (rN+++)
You are immune to unholy pain and torment.
You can survive without breathing.


Message History

* * * LOW HITPOINT WARNING * * *
You finish merging with the rock.
There is an open door here.
You close the door.
Something unseen opens the door.
Edmund says, "I'm quite good with sums, too."
There is an open door here.
Things that are here:
a hand axe; an orc corpse
There is a stone staircase leading up here.
You climb upwards.
There is a stone staircase leading down here.
You start resting.
HP restored.
You see here a frilled lizard skeleton.
A rat comes into view.
The rat bites you.
You hit the rat.
You kill the rat!
You see here a rat corpse.
You start resting.
HP restored.
There is a stone staircase leading down here.
You start resting.
The frilled lizard is too close now for your liking.
You climb downwards.
Level annotation: Edmund
There is a stone staircase leading up here.
HP restored.
There is a stone staircase leading down here.
You climb downwards.
Level annotation: exclusion: scorpion, Natasha Natasha hisses angrily.
The orc shouts! x2; The orc priest shouts!
Natasha stares at you and mumbles some strange words.
The magic dart hits you! The orc closely misses you.
The orc priest mumbles some strange prayers to Beogh against you.
Beogh smites you!
* * * LOW HITPOINT WARNING * * *
There is a stone staircase leading up here.
The orc closely misses you. The orc priest hits you.
* * * LOW HITPOINT WARNING * * *
You climb upwards.
Level annotation: Edmund
There is a stone staircase leading down here.
Casting: Passwall (safe; 12% risk of failure)
Confirm with . or Enter, or press ? or * to list all spells.
Aiming: Stone Arrow (safe; 26% risk of failure)
Press: ? - help, Shift-Dir - straight line, f - orc priest
Aim: an orc priest The stone arrow hits the orc priest.
The orc priest is heavily wounded.
The orc closely misses you. The orc priest closely misses you.
Casting: Stone Arrow (safe; 26% risk of failure)
Confirm with . or Enter, or press ? or * to list all spells.
Aiming: Sandblast (safe; 4% risk of failure)
Press: ? - help, Shift-Dir - straight line, f/p - orc priest
Aim: an orc priest (heavily wounded)
The blast of sand hits the orc priest.
The orc priest is almost dead.
b - 20 stones The orc misses you.
The orc priest mumbles some strange prayers to Beogh against you.
Beogh smites you!
You die...

*,,,,,,,,,.....* #.....
#..............# #.....
#..............####.....
#................##.....
*#..........##...##.....
#..........*#...##.....
#........####.....#####
#......................
***#.....@o...............
*,........o.##.#........##
*,..........##.#..........
*,.........###.+..........
*,.........# ###..........
*,........#####...........
*,........................
*,........................
**,,,,,,,,................


You could see an orc priest and an orc.

Vanquished Creatures
  An orc wizard (D:3)
  2 oozes
  2 dart slugs
  A leopard gecko (D:3)
  2 orcs (D:3)
  3 bats
  4 giant cockroaches (D:3)
  A hobgoblin (D:2)
  3 jackals (D:1)
  A quokka (D:3)
  A frilled lizard (D:2)
  A goblin (D:2)
  2 kobolds
  4 rats
28 creatures vanquished.

Notes
Turn   | Place    | Note
-------+----------+-------------------------------------------
     0 | D:1      | Amnesiac the Mummy Earth Elementalist began the quest for the Orb.
     0 | D:1      | Reached XP level 1. HP: 13/13 MP: 4/4
   227 | D:1      | Reached XP level 2. HP: 19/19 MP: 3/5
   240 | D:1      | Learned a level 2 spell: Passwall
   644 | D:4      | Noticed a scorpion
   683 | D:5      | Entered Level 5 of the Dungeon
   878 | D:4      | Noticed Edmund
   943 | D:3      | Reached XP level 3. HP: 22/24 MP: 5/7
  1098 | D:4      | Noticed Natasha
  1402 | D:3      | Reached XP level 4. HP: 23/30 MP: 6/9
  1407 | D:3      | Learned a level 3 spell: Stone Arrow
  1412 | D:3      | Learned a level 4 spell: Petrify
  1790 | D:3      | Killed from afar by an orc priest

Vault maps used:
D:1:      nzn_arrival_crosshair, minmay_misc_feat_chi, solitary_fountain
D:2:      chequers_ecumenical_altar_simple_redux, grunt_decor_cap
D:4:      minivault_26, grunt_ministairs_3, uniq_edmund, uniq_natasha,
          uniq_pikel
D:5:      temple_fountains, first_ration, trog_book

Skill      XL: |  1  2 |
---------------+-------+-----
Earth Magic    | 3 |  3.7
Spellcasting   | 3 |  3.6
Dodging        | |  1.5
Stealth        | |  1.5
Transmutations | |  0.7

Action                   |  1- 3 |  4- 6 || total
-------------------------+-------+-------++-------
Melee: Short sword       |    52 |     4 ||    56
 Cast: Sandblast         |    30 |     2 ||    32
       Passwall          |     3 |     1 ||     4
       Stone Arrow       |       |     1 ||     1
  Use: Scroll            |     6 |       ||     6
 Stab: Sleeping          |     1 |       ||     1
Armor: Robe              |    19 |       ||    19
Dodge: Dodged            |    64 |    10 ||    74

Table legend:
 A = Spawn XP
 B = Non-spawn XP
 C = Spawn XP percentage of total XP
 D = Spawn monster count
 E = Non-spawn monster count
 F = Spawn count percentage of total count
 G = Total turns spent on level
                    A         B        C        D         E        F      G
               +---------+---------+-------+---------+---------+-------+---------
         Total |       0 |     102 |   0.0 |       0 |      28 |   0.0 |  1790
               +---------+---------+-------+---------+---------+-------+---------
           D:1 |       0 |      21 |   0.0 |       0 |       8 |   0.0 |   377
           D:2 |       0 |       5 |   0.0 |       0 |       4 |   0.0 |   259
           D:3 |       0 |      76 |   0.0 |       0 |      16 |   0.0 |   845
               +---------+---------+-------+---------+---------+-------+---------
